 Dungeon Sprint DCSS version 0.18-b1-10-g3f7de93 (webtiles) character file.

109 MuMo the Grappler (level 4, -6/72 HPs)
             Began as a Troll Monk on Apr 29, 2016.
             Was an Initiate of Ru.
             Mangled by an orc warrior
             ... wielding a cursed +0 halberd
              (25 damage)
             ... in the Dungeon (Sprint IX: "|||||||||||||||||||||||||||||").
             The game lasted 00:00:53 (118 turns).

MuMo the Grappler (Troll Monk)                       Turns: 118, Time: 00:00:54

Health: -6/72      AC:  9    Str: 24    XL:     4   Next: 60%
Magic:  3/3        EV: 11    Int:  6    God:    Ru [......]
Gold:   0          SH:  0    Dex: 13    Spells: 0 memorised, 3 levels left

rFire  . . .     SeeInvis .       - Unarmed
rCold  . . .     Gourm    +     a - +0 robe
rNeg   . . .     Faith    .     (no shield)
rPois  .         Spirit   .     (helmet restricted)
rElec  .         Dismiss  .     (no cloak)
rCorr  .         Reflect  .     (gloves unavailable)
SustAt .         Harm     .     (boots unavailable)
MR     .....     NoTele   +     (no amulet)
Stlth  ..........               n - +2 ring of protection
                                m - +2 ring of protection

@: berserking, very quick, not resistant to hostile enchantments, extremely
unstealthy
A: unfitting armour, claws 3, fast metabolism 3, gourmand, regeneration 2,
shaggy fur 1, tough skin 2
a: Sacrifice Arcana, Sacrifice Love, Sacrifice Purity, Reject Sacrifices,
Renounce Religion


You were in the Dungeon.
You worshipped Ru.
Ru was noncommittal.
You were not hungry.

You visited 1 branch

Inventory:

Armour
 a - a +0 robe (worn)
Jewellery
 m - a +2 ring of protection (left claw)
 n - a +2 ring of protection (right claw)
Wands
 l - a wand of acid (6/15)
Scrolls
 h - 2 scrolls of blinking
 j - 3 scrolls of remove curse
 k - 2 scrolls of amnesia
Potions
 c - 4 potions of curing
 d - 3 potions of heal wounds
 e - a potion of haste
 f - 4 potions of magic
 i - a potion of invisibility
Comestibles
 b - 2 bread rations


   Skills:
 + Level 3.9 Fighting
 + Level 4.2 Dodging
 - Level 1.1 Stealth
 * Level 8.3 Unarmed Combat


You had 3 spell levels left.
You didn't know any spells.

Dungeon Overview and Level Annotations

Branches:
Dungeon (1/1)

Altars:
Cheibriados
Dithmenos
Elyvilon
Fedhas
Gozag
Kikubaaqudgha
Makhleb
Nemelex Xobeh
Okawaru
Pakellas
Qazlal
Ru
Sif Muna
Trog
Vehumet
Xom
Yredelemnul
Zin
The Shining One
Beogh
Jiyva
Lugonu


Innate Abilities, Weirdness & Mutations

You are too large for most types of armour.
You have claws for hands.
Your metabolism is lightning-fast.
You like to eat raw meat.
You heal very quickly.
You are covered in fur (AC +1).
You have very tough skin (AC +2).


Message History

You claw the centaur!
The centaur is almost dead.
The orc warrior barely misses you. The centaur barely misses you.
You barely miss the centaur.
The centaur is almost dead.
The centaur hits you.
* * * LOW HITPOINT WARNING * * *
The orc warrior barely misses you.
You claw the centaur!
You kill the centaur!
Your Dodging skill increases to level 4!
Your Unarmed Combat skill gained 2 levels and is now at level 8!
You have reached level 4!
There is an open door to the Dungeon here.
Items here: ( )) †† a shortbow; 18 arrows; a hand axe; a centaur corpse; an orc corpse You claw the orc warrior!
The orc warrior is almost dead.
The orc warrior hits you with a halberd!!
You die... ▓▓▓▓▓▓▓▓▓▓▓▓▓▓▓▓▓▓▓▓▓▓▓▓ ______'..|)[[[..@oaH...+ ▓▓▓▓▓▓▓▓▓▓▓▓▓▓▓▓▓▓▓▓▓▓▓▓

You could see a hippogriff, an orc warrior and a worker ant.

Vanquished Creatures
  A centaur (D)
  An adder (D)
  A shadow imp (D)
  An orc (D)
  A ball python (D)
  A bat (D)
  2 bat zombies (D)
  A giant cockroach (D)
  A goblin (D)
  3 kobolds (D)
13 creatures vanquished.

Notes
Turn   | Place    | Note
--------------------------------------------------------------
     0 | D        | MuMo the Troll Monk began the quest for the Orb.
     0 | D        | Reached XP level 1. HP: 22/22 MP: 0/0
    18 | D        | Reached skill level 5 in Unarmed Combat
    33 | D        | Reached XP level 2. HP: 29/29 MP: 1/1
    49 | D        | Found a glowing silver altar of Zin.
    49 | D        | Found a glowing golden altar of the Shining One.
    49 | D        | Found an ancient bone altar of Kikubaaqudgha.
    49 | D        | Found a basalt altar of Yredelemnul.
    49 | D        | Found a shimmering altar of Xom.
    49 | D        | Found a radiant altar of Vehumet.
    50 | D        | Found an iron altar of Okawaru.
    51 | D        | Found a burning altar of Makhleb.
    52 | D        | Found a deep blue altar of Sif Muna.
    53 | D        | Found a bloodstained altar of Trog.
    54 | D        | Found a sparkling altar of Nemelex Xobeh.
    55 | D        | Found a white marble altar of Elyvilon.
    56 | D        | Found a roughly hewn altar of Beogh.
    57 | D        | Found a viscous altar of Jiyva.
    58 | D        | Found a corrupted altar of Lugonu.
    59 | D        | Found a blossoming altar of Fedhas.
    64 | D        | Found a snail-covered altar of Cheibriados.
    65 | D        | Found a shadowy altar of Dithmenos.
    66 | D        | Found a stormy altar of Qazlal.
    67 | D        | Found an opulent altar of Gozag.
    68 | D        | Found a sacrificial altar of Ru.
    69 | D        | Found an oddly glowing altar of Pakellas.
    78 | D        | Became a worshipper of Ru the Awakened
   100 | D        | Noticed a centaur
   100 | D        | Noticed an orc warrior
   100 | D        | Noticed a hippogriff
   105 | D        | Reached skill level 6 in Unarmed Combat
   105 | D        | Reached XP level 3. HP: 35/37 MP: 2/2
   116 | D        | Killed a centaur
   116 | D        | Reached skill level 8 in Unarmed Combat
   116 | D        | Reached XP level 4. HP: 18/48 MP: 3/3
   118 | D        | Mangled by an orc warrior

Skill      XL: |  1  2  3 |
---------------+----------+-----
Dodging        | 3 4 |  4.2
Unarmed Combat | 5 6 8 |  8.3
Fighting       | 3 |  3.9
Stealth        | |  1.1

Action                   |  1- 3 |  4- 6 || total
-------------------------+-------+-------++-------
Melee: Unarmed           |    36 |     1 ||    37
Evoke: Wand              |     1 |       ||     1
  Use: Potion            |     2 |       ||     2
Armor: Robe              |    16 |       ||    16
Dodge: Dodged            |    18 |       ||    18
